 Dungeon Crawl Stone Soup version 0.27-a0-1186-g8b4daa1eef (webtiles) character file.

Game seed: 15492451002006691315

3631 robertstho the Protected (level 9, -10/82 HPs)
             Began as a Minotaur Berserker on May 19, 2021.
             Was an Elder of Trog.
             Mangled by an orc knight
             ... wielding a +0 war axe
              (25 damage)
             ... in a bailey.
             The game lasted 00:15:39 (6289 turns).

robertstho the Protected (Minotaur Berserker)       Turns: 6289, Time: 00:15:39

Health: -10/82     AC: 16    Str: 24    XL:     9   Next: 87%
Magic:  8/8        EV:  8    Int:  5    God:    Trog [****..]
Gold:   251        SH:  4    Dex: 10    Spells: 8/8 levels left

rFire    + . .     SeeInvis .   h - +1 hand axe (vamp)
rCold    x . .     Faith    .   m - +0 buckler
rNeg     . . .     Spirit   .   B - +0 plate armour
rPois    .         Reflect  .   (helmet restricted)
rElec    .         Harm     .   (no cloak)
rCorr    .         Rampage  .   (no gloves)
Will     .....                  g - +0 pair of boots
Stlth    ..........             (no amulet)
HPRegen  0.23/turn              i - ring of fire
MPRegen  0.11/turn              (no ring)

@: about to teleport, on berserk cooldown, very slightly contaminated, slowed,
invisible, very slow
A: horns 2, retaliatory headbutt
a: Renounce Religion, Berserk, Trog's Hand, Brothers in Arms


You were in a bailey.
You worshipped Trog.
Trog was greatly pleased with you.
You visited 1 branch of the dungeon, and saw 7 of its levels.
You also visited: Bailey.

You collected 465 gold pieces.
You spent 214 gold pieces at shops.

Inventory:

Hand Weapons
 h - a +1 vampiric hand axe (weapon)
 o - a +3 vorpal flail
Armour
 g - a +0 pair of boots (worn)
 m - a +0 buckler (worn)
 p - a +0 scale mail
 B - a +0 plate armour (worn)
Jewellery
 i - a ring of fire (left hand)
Scrolls
 b - a scroll of holy word {unknown}
 c - 3 scrolls of fog {unknown}
 d - 11 scrolls of identify
 f - 2 scrolls of magic mapping {unknown}
 j - 2 scrolls of immolation {unknown}
 k - 2 scrolls of noise
 q - a scroll of amnesia {unknown}
 r - a scroll of silence {unknown}
 t - a scroll of blinking {unknown}
 v - a scroll of torment
 y - a scroll of acquirement
Potions
 a - 2 potions of mutation {unknown}
 e - a potion of resistance {unknown}
 n - 2 potions of degeneration {unknown}
 s - a potion of brilliance {unknown}
 u - 2 potions of lignification {unknown}
 w - a potion of haste {unknown}
 x - 3 potions of flight {unknown}
 z - 2 potions of heal wounds {unknown}


   Skills:
 * Level 8.8 Fighting
 + Level 10.2 Axes
 * Level 10.7 Armour
 + Level 4.1 Dodging
 + Level 2.0 Shields


You had 8 spell levels left.
You didn't know any spells.
Your spell library was empty.

Dungeon Overview and Level Annotations

Branches:
Dungeon (7/15)             Temple (0/1) D:7          Bailey (1/1)

Altars:
Elyvilon
Gozag
Okawaru
Trog
Uskayaw
Wu Jian
The Shining One

Shops:
D:4 ?


Innate Abilities, Weirdness & Mutations

You have a pair of horns on your head.
You reflexively headbutt those who attack you in melee.


Message History

Your headbutt misses the orc knight.
The orc knight is moderately wounded.
You hit the orc warrior but do no damage.
You closely miss the orc knight.
The orc knight is moderately wounded.
You slash the orc warrior!
The orc knight hits you with a +0 war axe!
The orc warrior hits you with a +0 war axe!!
You slash the orc knight!
The orc knight is heavily wounded.
You closely miss the orc warrior. You hit the orc knight.
You headbutt the orc knight, but do no damage.
The orc knight is heavily wounded.
You hit the orc warrior.
You feel better.
The orc knight hits you with a +0 war axe.
The orc warrior hits you with a +0 war axe!!
* * * LOW HITPOINT WARNING * * *
You feel a strong urge to attack something.
You are no longer berserk.
You are exhausted.
You feel yourself slow down.
The orc warrior no longer looks unusually strong.
As you read the scroll of teleportation, it crumbles to dust.
You feel strangely unstable.
You fade into invisibility!
You are very lightly contaminated with residual magic.
Your surroundings seem slightly different.
Items here: ))) [[[ †.
Found a robe.
Found two leather armours.
The orc knight roars a battlecry!
The orc warrior goes into a battle-frenzy!
Found a runed chain mail.
Okay, then.
Okay, then.
As you read the scroll of teleportation, it crumbles to dust.
You feel strangely unstable.
The orc knight hits you with a +0 war axe!!
You die...

#..' #..######
## #..#....# [[#
#..#....+ .[[#
#..#############
##)#...........#
+.)......_......
#.8.)).g........
#....goo@.......
#.8.###########.
#.....#######
#.8...#.....#
#.....#.....#
####..#..⌠..#
#..'.....+
#..')))..+
#####')'#####


You could see an orc knight, an orc warrior (strong) and 2 goblins.

Vanquished Creatures
  An orc sorcerer (Bailey)
  A kobold demonologist (Bailey)
  Edmund (D:4)
  3 water moccasins
  4 orc warriors
  An ice beast (D:6)
  4 sky beasts
  A black bear (D:6)
  A hornet zombie (D:5)
  A necrophage (D:6)
  2 centaurs
  2 ogres
  A phantom (D:5)
  A bullfrog (D:7)
  A scorpion (D:3)
  A wyvern zombie (D:6)
  2 howler monkeys
  A centaur zombie (D:7)
  A bullfrog zombie (D:6)
  3 hounds
  A jelly (D:4)
  3 orc priests (D:7)
  A bullfrog skeleton (D:6)
  3 iguanas
  3 orc wizards (D:5)
  2 hound skeletons
  10 gnolls
  A river rat (D:5)
  4 adders
  A shadow imp (D:6)
  2 white imps (D:6)
  2 ufetubi (D:5)
  4 worms
  The ghost of MatrixGlitch the Sneak, a weakling HODe (D:5)
  2 dart slugs
  13 orcs
  11 ball pythons
  9 endoplasms
  2 giant cockroaches
  12 goblins
  15 hobgoblins
  11 jackals
  6 quokkas
  3 bats (D:1)
  7 kobolds
  5 rats
167 creatures vanquished.

Notes
Turn   | Place    | Note
-------+----------+-------------------------------------------
     0 | D:1      | robertstho the Minotaur Berserker began the quest for the
                  | Orb.
     0 | D:1      | Reached XP level 1. HP: 19/19 MP: 0/0
   376 | D:1      | Reached XP level 2. HP: 27/27 MP: 1/1
   444 | D:1      | Reached ** piety under Trog
   684 | D:1      | Reached XP level 3. HP: 28/33 MP: 2/2
  1319 | D:2      | Reached XP level 4. HP: 41/41 MP: 3/3
  1868 | D:3      | Reached skill level 5 in Axes
  2279 | D:3      | Reached XP level 5. HP: 47/47 MP: 4/4
  2663 | D:3      | Found a white marble altar of Elyvilon.
  2743 | D:3      | Reached *** piety under Trog
  2767 | D:4      | Noticed an ogre
  2768 | D:4      | Noticed Edmund
  2773 | D:4      | Killed an ogre
  2774 | D:4      | Reached skill level 5 in Fighting
  2774 | D:4      | Reached XP level 6. HP: 56/56 MP: 5/5
  2778 | D:4      | Killed Edmund
  2779 | D:4      | Reached skill level 5 in Armour
  3025 | D:4      | Reached XP level 7. HP: 61/61 MP: 6/6
  3163 | D:4      | Found Xagigoz's Magic Scroll Shoppe.
  3168 | D:4      | Bought a scroll of identify for 22 gold pieces
  3168 | D:4      | Bought a scroll of teleportation for 33 gold pieces
  3168 | D:4      | Bought a scroll of identify for 22 gold pieces
  3168 | D:4      | Bought a scroll of identify for 22 gold pieces
  3168 | D:4      | Bought a scroll of noise for 11 gold pieces
  3168 | D:4      | Bought a scroll of identify for 22 gold pieces
  3168 | D:4      | Bought a scroll of torment for 82 gold pieces
  3398 | D:4      | Found a glowing golden altar of the Shining One.
  3451 | D:4      | Found a bloodstained altar of Trog.
  3539 | D:5      | Entered Level 5 of the Dungeon
  3830 | D:5      | Found a hide-covered altar of Uskayaw.
  3894 | D:5      | Found an iron altar of Okawaru.
  3980 | D:5      | Found a runed translucent door.
  3994 | D:5      | Noticed MatrixGlitch's ghost (weakling HODe)
  4163 | D:5      | Found a runed translucent door.
  4242 | D:5      | Reached **** piety under Trog
  4243 | D:5      | Reached XP level 8. HP: 71/71 MP: 7/7
  4318 | D:5      | Killed MatrixGlitch's ghost
  4376 | D:6      | Reached skill level 1 in Shields
  4568 | D:6      | Found an opulent altar of Gozag.
  5552 | D:7      | Identified a scroll of acquirement
  5556 | D:7      | Reached XP level 9. HP: 79/79 MP: 8/8
  5706 | D:7      | Found a staircase to the Ecumenical Temple.
  5804 | D:7      | Found an ornate altar of the Wu Jian Council.
  5867 | D:7      | Found a flagged portal.
  5876 | Bailey   | Entered a bailey
  6114 | Bailey   | Found an iron altar of Okawaru.
  6114 | Bailey   | Noticed a kobold demonologist
  6114 | Bailey   | Noticed an orc sorcerer
  6124 | Bailey   | Noticed a soul eater
  6124 | Bailey   | Noticed an ice devil
  6128 | Bailey   | Killed an orc sorcerer
  6129 | Bailey   | Reached skill level 10 in Armour
  6129 | Bailey   | Noticed an orange demon
  6131 | Bailey   | Killed a kobold demonologist
  6131 | Bailey   | Reached ***** piety under Trog
  6251 | Bailey   | Noticed an orc knight
  6269 | Bailey   | Reached skill level 10 in Axes
  6289 | Bailey   | Mangled by an orc knight

Illustrated notes

Levels and vault maps discovered:
D:1:      dpeg_arrival_rooms_with_view, layout_basic
D:2:      layout_rooms
D:3:      layout_rooms, lemuel_tele_altar
D:4:      layout_rooms, nicolae_overflow_hidden_temple, trog_antimagical,
          serial_shops, shop, corexii_shack, grunt_ministairs_3,
          small_statue_intersection, uniq_edmund
D:5:      layout_rooms, eat_drink_and_be_merry_uskayaw,
          nicolae_overflow_crystal_walls, ebering_ghost_sewer_f
D:6:      layout_cave_pools, nicolae_gozag_seed_capital
D:7:      layout_cave_pools, kennysheep_little_box, temple_fountains,
          enter_bailey_5, serial_park_tiny_1
Bailey:   bailey_axe_of_yendor_kennysheep, bailey

Skill      XL: |  1  2  3  4  5  6  7  8  9 |
---------------+----------------------------+-----
Fighting       | 4 5 6 7 8 |  8.8
Axes           | 4 5 6 7 8 10 | 10.2
Armour         | 3 4 5 7 9 10 | 10.7
Dodging        | 3 4 |  4.1
Shields        | 1 2 |  2.0

Action                   |  1- 3 |  4- 6 |  7- 9 || total
-------------------------+-------+-------+-------++-------
Melee: Hand axe          |    60 |    96 |   251 ||   407
       Headbutt          |     6 |    16 |    51 ||    73
Invok: Berserk           |     3 |     4 |     9 ||    16
  Use: Scroll            |       |       |     4 ||     4
       Potion            |       |       |     1 ||     1
Armor: Animal skin       |    11 |       |       ||    11
       Ring mail         |       |    24 |       ||    24
       Scale mail        |       |    11 |    42 ||    53
       Plate armour      |       |       |    51 ||    51
Dodge: Dodged            |    51 |    60 |   131 ||   242
Block: Buckler           |       |     7 |    35 ||    42

Table legend: (Time is in decaauts)
 A = Elapsed time spent in this place.
 B = Non-inter-level travel time spent in this place.
 C = Inter-level travel time spent in this place.
 D = Time resting spent in this place.
 E = Time spent auto-exploring this place.
 F = Levels seen in this place.
 G = Mean time per level.
                   A        B        C        D        E       F      G
               +--------+--------+--------+--------+--------+-----+--------+
         Total |   6425 |   6246 |    179 |    828 |   4405 |   8 |  803.1 |
       Dungeon |   6001 |   5822 |    179 |    683 |   4192 |   7 |  857.3 |
        Bailey |    423 |    423 |      0 |    145 |    213 |   1 |  423.0 |
               +--------+--------+--------+--------+--------+-----+--------+

Top non-repeatable levels by time:
     D:1: 1274 daAuts
     D:3: 1075 daAuts
     D:6: 969 daAuts
     D:5: 917 daAuts
     D:4: 792 daAuts
     D:7: 498 daAuts
     D:2: 473 daAuts
  Bailey: 423 daAuts
